 Dungeon Crawl Stone Soup version 0.22.1-2-g9c5b331383 (webtiles) character file.

93093 Gargoyl the Corrupter of Planes (level 15, -9/124 HPs)
             Began as a Centaur Abyssal Knight on Jan 4, 2019.
             Was the Champion of Lugonu.
             Killed by divine providence
             ... invoked by an orc high priest
              (10 damage)
             ... on level 2 of the Orcish Mines.
             The game lasted 01:14:42 (46084 turns).

Gargoyl the Corrupter of Planes (CeAK)             Turns: 46084, Time: 01:14:42

Health: -9/124     AC: 30    Str: 24    XL:     15   Next: 59%
Magic:  24/24      EV:  4    Int: 11    God:    Lugonu [******]
Gold:   2867       SH: 11    Dex: 13    Spells: 14/14 levels left

rFire    + . .     SeeInvis .   s - +9 mace of Honour {crush, rC+ Stlth+}
rCold    + + .     Gourm    .   t - +2 buckler of the Country {rCorr}
rNeg     . . .     Faith    .   y - +0 crystal plate armour
rPois    .         Spirit   .   d - +0 helmet
rElec    .         Reflect  +   C - scarf {cloud immunity}
rCorr    +         Harm     .   b - +0 pair of gloves
MR       +....                  R - +2 centaur barding {rC+}
Stlth    ..........             j - +4 amulet of reflection
HPRegen  0.30/turn              K - ring "Siugakhly" {rF+ Str+4}
MPRegen  0.19/turn              z - +3 ring of dexterity

@: studying Transmutations, very quick
A: large, hooves 3, molten scales 1, deformed body, speed 2, tough skin 3,
MP-powered wands
a: Depart the Abyss, Bend Space, Banish, Corrupt, Enter the Abyss, Brand Weapon
With Distortion, Renounce Religion


You were on level 2 of the Orcish Mines.
You worshipped Lugonu.
Lugonu was exalted by your worship.
You were not hungry.

You visited 3 branches of the dungeon, and saw 23 of its levels.
You visited the Abyss 4 times.

You collected 2867 gold pieces.

Inventory:

Hand Weapons
 a - a +2 hand axe
 s - the +9 mace of Honour (weapon) {crush, rC+ Stlth+}
   (You found it on level 9 of the Dungeon)

   It inflicts extra damage upon your enemies.
   It protects you from cold.
   It makes you more stealthy.
 w - a +4 war axe of chopping
 B - a +1 hand axe of freezing
Missiles
 U - 6 javelins (quivered)
Armour
 b - a +0 pair of gloves (worn)
 d - a +0 helmet (worn)
 t - the +2 buckler of the Country (worn) {rCorr}
   (You acquired it on level 9 of the Dungeon)

   It provides partial protection from all sources of acid and corrosion.
 y - a +0 crystal plate armour (worn)
 C - a scarf of cloud immunity (worn)
 R - a +2 centaur barding of cold resistance (worn)
Jewellery
 e - an uncursed ring of see invisible
 j - a +4 amulet of reflection (around neck)
 k - an uncursed amulet of the acrobat
 p - the ring "Gegg" {+Blink rN+}
   (You found it on level 14 of the Dungeon)

   [ring of positive energy]

   It protects you from negative energy.
   It lets you blink.
 q - an uncursed ring of resist corrosion
 z - a +3 ring of dexterity (right hand)
 E - an uncursed ring of protection from cold
 K - the ring "Siugakhly" (left hand) {rF+ Str+4}
   (You found it on level 4 of the Lair of Beasts)

   [ring of protection from fire]

   It affects your strength (+4).
   It protects you from fire.
 S - an uncursed ring of protection from magic
 Y - a cursed ring of protection from magic
Wands
 m - a wand of digging (4)
 o - a wand of disintegration (9)
 u - a wand of iceblast (8)
 I - a wand of scattershot (7)
Scrolls
 f - a scroll of magic mapping
 h - a scroll of amnesia
 l - a scroll of identify
 x - 5 scrolls of teleportation
 L - 2 scrolls of blinking
 N - a scroll of fear
 O - 7 scrolls of remove curse
Potions
 i - 5 potions of curing
 n - 3 potions of flight
 r - 5 potions of heal wounds
 v - 6 potions of brilliance
 A - 2 potions of resistance
 D - a potion of cancellation
 F - a potion of magic {unknown}
 J - a potion of berserk rage {unknown}
 M - a potion of haste
 W - 2 potions of might
Books
 H - a manual of Transmutations
Miscellaneous
 g - a lightning rod (4/4)
 G - a box of beasts
Comestibles
 c - 11 rations


   Skills:
 + Level 9.0 Fighting
 + Level 8.5(10.4) Axes
 + Level 9.6(10.9) Maces & Flails
 * Level 11.5 Armour
 * Level 9.2 Dodging
 + Level 6.4 Shields
 * Level 12.6 Invocations
 + Level 1.6 Evocations


You had 14 spell levels left.
You didn't know any spells.
Your spell library contained the following spells:

 Spells                   Type           Power        Failure   Level  Hunger
 Animate Skeleton         Necr           N/A          100%        1    ##.....
 Apportation              Tloc           #.....       100%        1    ##.....
 Confusing Touch          Hex            #.....       100%        1    ##.....
 Corona                   Hex            #......      100%        1    ##.....
 Infusion                 Chrm           #...         100%        1    ##.....
 Pain                     Necr           #...         100%        1    ##.....
 Summon Small Mammal      Summ           #...         100%        1    ##.....
 Corpse Rot               Necr           N/A          100%        2    ###....
 Ensorcelled Hibernation  Hex/Ice        #.....       100%        2    ###....
 Passwall                 Tmut/Erth      #.......     100%        2    ###....
 Poisonous Vapours        Pois/Air       #.....       100%        2    ###....
 Shroud of Golubria       Chrm/Tloc      #.........   100%        2    ###....
 Song of Slaying          Chrm           #.......     100%        2    ###....
 Swiftness                Chrm/Air       #.......     100%        2    ###....
 Confuse                  Hex            #.......     100%        3    ####...
 Conjure Flame            Conj/Fire      #.......     100%        3    ####...
 Dazzling Spray           Conj/Hex       #.....       100%        3    ####...
 Ignite Poison            Fire/Tmut/Pois #.......     100%        3    ####...
 Mephitic Cloud           Conj/Pois/Air  #.......     100%        3    ####...
 Regeneration             Chrm/Necr      #.........   100%        3    ####...
 Spectral Weapon          Hex/Chrm       #.......     100%        3    ####...
 Stone Arrow              Conj/Erth      #.....       100%        3    ####...
 Tukima's Dance           Hex            #.......     100%        3    ####...
 Vampiric Draining        Necr           #.........   100%        3    ####...
 Animate Dead             Necr           N/A          100%        4    #####..
 Leda's Liquefaction      Hex/Erth       #.........   100%        4    #####..
 Passage of Golubria      Tloc           N/A          100%        4    #####..
 Fireball                 Conj/Fire      #.........   100%        5    ######.
 Lee's Rapid Deconstruct  Erth           #.........   100%        5    ######.
 Summon Forest            Summ/Tloc      #.........   100%        5    ######.
 Bolt of Fire             Conj/Fire      #.........   100%        6    #######
 Darkness                 Hex            #.........   100%        6    #######
 Freezing Cloud           Conj/Ice/Air   #.........   100%        6    #######
 Hydra Form               Tmut           #.........   100%        6    #######
 Invisibility             Hex            #.......     100%        6    #######
 Ring of Flames           Chrm/Fire      #.........   100%        7    #######
 Summon Hydra             Summ           #.........   100%        7    #######
 Ignition                 Fire           #.........   100%        8    #######


Dungeon Overview and Level Annotations

Branches:
Dungeon (15/15) Temple (0/1) D:7 Lair (6/6) D:10 Shoals (0/4) Lair:2 Snake (0/4) Lair:3 Slime (0/5) Lair:6 Orc (2/2) D:11 Elf (0/3) Orc:1 Orc:2 Vaults (0/5) D:14 Depths (0/5) D:15

Altars:
Fedhas
Qazlal
Ru
Trog
The Shining One

Shops:
D:9 }   Orc:2 :*

Annotations:
Lair:3 exclusion: oklob plant
Abyss:1 Pikel


Innate Abilities, Weirdness & Mutations

You have hooves in place of feet.
Armour fits poorly on your strangely shaped body.
You cover ground very quickly.
You have extremely tough skin. (AC +3)
You are partially covered in molten scales. (AC +2)
You expend magic power (3 MP) to strengthen your wands.


Message History

The orc warrior is moderately wounded.
The orc warrior hits you but does no damage.
The orc knight roars a battlecry!
The orc knight goes into a battle-frenzy!
The orc priest mumbles some strange prayers to Beogh against you.
Beogh smites you!
An orc warrior comes into view. It is wielding a trident.
An orc warrior comes into view. It is wielding a glaive.
The orc warrior shouts!
You thump the orc warrior! You kick the orc warrior.
The orc warrior is severely wounded.
The orc warrior hits you with a short sword!!
The orc warrior hits you with a mace. You block the orc warrior's attack.
The orc knight hits you from afar with a glaive!!!
* * * LOW HITPOINT WARNING * * *
The orc warrior hits you from afar with a glaive!!
* * * LOW HITPOINT WARNING * * *
The orc high priest invokes the aid of Beogh against you.
Beogh smites you!
You die...

##...........#
#.......
#...#...#...#
#......o
##.........##
#.......
#..#...#..#
#.......
##.......##
#$......
###.#.###
#.......
#.....#
#.......
###o#.###
#.......
#4.@oo..#
#.......
#.o#oo.#..#
#....#..


#o.ooooo..# #.....#. #..3#ooo#...# #....... #....oo.....# ....... ... #..o#....
...... #... ...o.o... ...... #.. #..o#o.. ...... ∩..##. You could see 3 orc
knights, 2 orc high priests, an orange demon, a ynoxinul, 12 orc warriors, 4 orc
priests and an orc.

Vanquished Creatures
  The ghost of vuolankoinen the Blocker, an adept HuWn of Ashenzari (D:14)
  3 fire dragons
  An ice dragon (Lair:6)
  2 hydras
  Harold (Lair:2)
  A vault guard (D:14)
  2 centaur warriors
  3 two-headed ogres
  Urug (D:13)
  An orc high priest (Orc:1)
  A thrashing horror (Abyss:3)
  A queen ant (Lair:3)
  Sonja (Orc:2)
  4 skeletal warriors (D:11)
  A swamp dragon (Lair:6)
  An unseen horror (D:15)
  2 wizards (D:14)
  A quicksilver dragon simulacrum (D:15)
  A lindwurm (Lair:6)
  2 orc knights (Orc:1)
  A deep elf mage (D:12)
  A necromancer (D:14)
  2 orc sorcerers (Orc:2)
  A wolf spider zombie (D:12)
  A shadow dragon zombie (D:15)
  2 spectral deep trolls (D:15)
  5 ugly things
  13 slime creatures
  4 oklob plants (Lair:4)
  A cyclops (D:11)
  Joseph (D:9)
  The ghost of Peloso the Slasher, a novice MiFi of Okawaru (D:6)
  12 spiny frogs
  6 black mambas
  3 orange demons (D:13)
  5 torpor snails (Lair:6)
  A gargoyle (D:14)
  3 rime drakes (Lair:6)
  An efreet (D:15)
  7 komodo dragons
  A freezing wraith (D:14)
  2 ice devils (Lair:1)
  3 kobold demonologists (D:11)
  An ancient zyme (Abyss:2)
  3 tengu conjurers
  4 tyrant leeches (Lair:6)
  2 red devils (D:13)
  8 trolls
  Prince Ribbit (D:6)
  7 hornets
  A spriggan zombie (D:15)
  31 blink frogs
  An ettin zombie (D:15)
  13 hippogriffs
  A dream sheep (D:4)
  A stone giant simulacrum (D:15)
  A meliai zombie (D:14)
  A centaur simulacrum (D:14)
  A wraith (D:13)
  Sigmund (D:4)
  Eustachio (D:4)
  21 humans (D:14)
  43 yaks
  2 wyverns
  4 hungry ghosts
  A large abomination (Abyss:3)
  6 vampire mosquitoes
  2 basilisks
  A steam dragon (Lair:6)
  5 soldier ants (Lair:3)
  Edmund (D:4)
  7 nagas (Lair:3)
  A warg (Orc:2)
  2 acid dragons
  9 water moccasins
  14 porcupines
  2 swamp drakes (Lair:6)
  4 slaves
  6 ice beasts
  18 orc warriors
  4 phantoms
  5 sky beasts
  An eye of draining (D:9)
  11 wolves
  2 necrophages
  6 black bears
  2 hornet zombies
  11 ogres
  13 centaurs
  14 crocodiles
  2 big kobolds
  Blork the orc (D:6)
  19 bullfrogs
  A wyvern skeleton (D:11)
  14 scorpions
  14 killer bees
  7 electric eels
  7 howler monkeys
  A vampire bat (D:5)
  A bullfrog zombie (D:9)
  9 crimson imps
  3 centaur zombies
  A quasit (D:10)
  6 hounds
  20 orc priests
  5 jellies
  2 bullfrog skeletons
  20 orc wizards
  8 centaur skeletons
  4 iguanas
  17 worker ants
  8 ogre zombies (D:11)
  2 hound zombies
  A hound skeleton (D:8)
  A howler monkey zombie (D:11)
  2 worker ant zombies
  7 gnolls
  3 howler monkey skeletons
  10 adders
  3 shadow imps
  2 white imps (Lair:6)
  An ufetubus (Abyss:2)
  4 oozes (Lair:6)
  An adder zombie (D:9)
  2 adder skeletons
  4 worms
  4 dart slugs
  2 leopard geckos (D:5)
  94 orcs
  19 bats
  10 giant cockroaches
  14 goblins
  10 hobgoblins
  2 jackals (D:4)
  5 quokkas
  6 frilled lizards
  A goblin skeleton (D:11)
  4 goblin zombies (D:11)
  A hobgoblin skeleton (D:11)
  2 hobgoblin zombies (D:11)
  A jackal skeleton (D:4)
  10 kobolds
  A leopard gecko zombie (D:6)
  An orc skeleton (D:11)
  16 orc zombies (D:11)
  8 rats
  A fungus (Lair:6)
  A plant (Lair:4)
831 creatures vanquished.

Vanquished Creatures (others)
  Nessos (Lair:4)
  A fire dragon (D:14)
  A vampire mage (Abyss:1)
  A cyclops (D:13)
  A worldbinder (Abyss:1)
  A troll (D:7)
  A hippogriff (Lair:6)
  2 hornets (Lair:6)
  A hungry ghost (D:10)
  6 centaurs
  A killer bee (D:8)
  3 electric eels (D:10)
  A white imp (Lair:6)
  A bush (Lair:3)
  16 fungi
  18 plants
56 creatures vanquished.

Grand Total: 887 creatures vanquished

Notes
Turn   | Place    | Note
-------+----------+-------------------------------------------
     0 | Abyss:1  | Gargoyl the Centaur Abyssal Knight began the quest for the
                  | Orb.
     0 | Abyss:1  | Reached XP level 1. HP: 19/19 MP: 2/2
    30 | Abyss:1  | Found a corrupted altar of Lugonu.
    58 | Abyss:2  | Noticed a large abomination
   104 | Abyss:2  | Noticed a vampire mage
   105 | D:1      | Escaped the Abyss
   311 | D:1      | Reached * piety under Lugonu
   311 | D:1      | Reached XP level 2. HP: 26/26 MP: 3/3
   642 | D:1      | Reached XP level 3. HP: 29/31 MP: 4/4
   741 | D:2      | Reached skill level 1 in Dodging
   775 | D:2      | Reached ** piety under Lugonu
   993 | D:2      | You fall through a shaft!
  1084 | D:3      | Reached XP level 4. HP: 39/39 MP: 5/5
  2029 | D:1      | Reached XP level 5. HP: 37/46 MP: 7/7
  2550 | D:3      | Reached skill level 3 in Invocations
  2948 | D:3      | Found a sacrificial altar of Ru.
  3525 | D:4      | Noticed Edmund
  3553 | D:4      | Killed Edmund
  3553 | D:4      | Reached XP level 6. HP: 37/52 MP: 8/8
  3643 | D:4      | Noticed a two-headed ogre
  3645 | D:4      | Noticed a dream sheep
  3645 | D:4      | a two-headed ogre changed into a dream sheep
  3650 | D:4      | Killed a dream sheep
  3650 | D:4      | Reached skill level 4 in Invocations
  3650 | D:4      | Reached XP level 7. HP: 52/59 MP: 8/10
  3723 | D:4      | Noticed Sigmund
  3753 | D:4      | Killed Sigmund
  4005 | D:4      | Noticed Eustachio
  4056 | D:4      | Killed Eustachio
  4640 | D:5      | Entered Level 5 of the Dungeon
  4681 | D:5      | Reached *** piety under Lugonu
  4867 | D:5      | Reached XP level 8. HP: 62/66 MP: 11/11
  5493 | D:5      | Found a bloodstained altar of Trog.
  5637 | D:5      | Reached skill level 5 in Invocations
  6042 | D:6      | Noticed Pikel
  6269 | D:6      | Noticed Prince Ribbit
  6623 | D:6      | Found a blossoming altar of Fedhas.
  6655 | D:6      | Reached skill level 5 in Axes
  6664 | D:6      | Banished Pikel
  7054 | D:6      | Killed Prince Ribbit
  7324 | D:6      | Noticed Blork the orc
  7356 | D:6      | Killed Blork the orc
  7356 | D:6      | Reached skill level 5 in Armour
  7356 | D:6      | Reached XP level 9. HP: 30/72 MP: 13/13
  7714 | D:6      | Found a runed gate.
  7714 | D:6      | Found a runed gate.
  7714 | D:6      | Found a runed gate.
  7714 | D:6      | Noticed Peloso's ghost (novice MiFi)
  7765 | D:6      | Killed Peloso's ghost
  8235 | D:7      | Found a staircase to the Ecumenical Temple.
  8282 | D:7      | Noticed a troll
  8290 | D:7      | Banished a troll
  8840 | D:7      | Reached skill level 6 in Invocations
  9464 | D:7      | Reached skill level 5 in Fighting
 10190 | D:8      | Noticed a white ugly thing
 10199 | D:8      | Banished a white ugly thing
 10652 | D:7      | Reached XP level 10. HP: 81/81 MP: 15/15
 11163 | D:8      | Reached skill level 1 in Shields
 11163 | D:8      | Reached skill level 7 in Invocations
 11684 | D:9      | Found Iwiumm's Gadget Emporium.
 11699 | D:8      | Reached **** piety under Lugonu
 11867 | D:10     | Entered Level 10 of the Dungeon
 11945 | D:10     | Noticed a centaur warrior
 11968 | D:10     | Killed a centaur warrior
 11969 | D:10     | Reached skill level 5 in Dodging
 12424 | D:10     | Noticed a two-headed ogre
 12460 | D:10     | Killed a two-headed ogre
 12460 | D:10     | Reached skill level 1 in Evocations
 12478 | D:10     | Reached skill level 8 in Invocations
 12858 | D:8      | Reached XP level 11. HP: 37/89 MP: 17/17
 13254 | D:9      | Identified a scroll of acquirement
 13255 | D:9      | Got a bloodstained buckler
 13266 | D:9      | Identified the +2 buckler of the Country {rCorr} (You
                  | acquired it on level 9 of the Dungeon)
 14392 | D:9      | Got a warped mace
 14393 | D:9      | Identified the +9 mace of Honour {crush, rC+ Stlth+} (You
                  | found it on level 9 of the Dungeon)
 14405 | D:9      | Found a stormy altar of Qazlal.
 14468 | D:9      | Noticed Joseph
 14480 | D:9      | Killed Joseph
 14782 | D:9      | Reached skill level 1 in Maces & Flails
 16414 | D:10     | Found a staircase to the Lair.
 16809 | Lair:1   | Entered Level 1 of the Lair of Beasts
 16838 | Lair:1   | Reached ***** piety under Lugonu
 16927 | Lair:1   | Noticed a six-headed hydra
 16952 | Lair:1   | Banished a six-headed hydra
 17813 | Lair:1   | Reached skill level 9 in Invocations
 18385 | Lair:1   | Reached XP level 12. HP: 88/97 MP: 18/18
 18925 | Lair:2   | Noticed Harold
 18949 | Lair:2   | Killed Harold
 20014 | Lair:2   | Reached skill level 5 in Maces & Flails
 20173 | Lair:2   | Found a staircase to the Shoals.
 20946 | Lair:3   | Noticed a queen ant
 20960 | Lair:3   | Killed a queen ant
 21182 | Lair:3   | Reached skill level 10 in Invocations
 22076 | Lair:3   | Found a staircase to the Snake Pit.
 22224 | Lair:3   | Reached XP level 13. HP: 105/105 MP: 20/20
 23214 | Lair:4   | Noticed Nessos
 23233 | Lair:4   | Killed Nessos
 25720 | Lair:4   | Got a slimy brass ring
 25736 | Lair:4   | Identified the ring "Siugakhly" {rF+ Str+4} (You found it
                  | on level 4 of the Lair of Beasts)
 27848 | Lair:6   | Entered Level 6 of the Lair of Beasts
 27967 | Lair:6   | Reached ****** piety under Lugonu
 28032 | Lair:6   | Reached skill level 10 in Armour
 28143 | Abyss:1  | Reached skill level 11 in Invocations
 28163 | Abyss:1  | Noticed a bone dragon
 28168 | Lair:6   | Escaped the Abyss
 29153 | Lair:6   | Found a staircase to the Slime Pits.
 29593 | Lair:6   | Noticed a fire dragon
 29882 | Lair:5   | Killed a fire dragon
 29882 | Lair:5   | Reached XP level 14. HP: 48/114 MP: 22/22
 30188 | Lair:6   | Found a runed door.
 31595 | Lair:6   | Reached skill level 5 in Shields
 32611 | D:11     | Found a staircase to the Orcish Mines.
 35568 | D:13     | Noticed Urug
 35584 | D:13     | Killed Urug
 35856 | D:13     | Found a blossoming altar of Fedhas.
 35943 | D:13     | Reached skill level 12 in Invocations
 37700 | D:14     | Reached XP level 15. HP: 65/123 MP: 24/24
 37931 | D:14     | Cast into level 2 of the Abyss (a wizard)
 37961 | Abyss:3  | Found a corrupted altar of Lugonu.
 37973 | D:14     | Escaped the Abyss
 38127 | D:14     | Found a gate to the Vaults.
 38479 | D:14     | Got a fine steel ring
 38484 | D:14     | Identified the ring "Gegg" {+Blink rN+} (You found it on
                  | level 14 of the Dungeon)
 38486 | D:14     | Gained mutation: You are partially covered in molten
                  | scales. (AC +2) [potion of mutation]
 38486 | D:14     | Gained mutation: You expend magic power (3 MP) to
                  | strengthen your wands. [potion of mutation]
 39259 | D:15     | Entered Level 15 of the Dungeon
 39274 | D:15     | Found a glowing golden altar of the Shining One.
 39318 | D:15     | Found a runed gate.
 39321 | D:15     | Found a runed gate.
 39394 | D:15     | Found a runed gate.
 39401 | D:15     | Noticed vuolankoinen's ghost (adept HuWn)
 39812 | D:14     | Killed vuolankoinen's ghost
 41419 | D:15     | Found a blossoming altar of Fedhas.
 41573 | D:15     | Found a staircase to the Depths.
 41791 | Orc:1    | Entered Level 1 of the Orcish Mines
 42387 | Orc:2    | Entered Level 2 of the Orcish Mines
 42387 | Orc:2    | Found a staircase to the Elven Halls.
 42921 | Orc:2    | Noticed Sonja
 43248 | Orc:2    | Found Ijigup's Book Shoppe.
 44652 | Orc:2    | Found Jireigin's Assorted Antiques.
 45344 | Orc:2    | Cast into level 1 of the Abyss (Sonja)
 45567 | Orc:2    | Escaped the Abyss
 45621 | Orc:2    | Killed Sonja
 46084 | Orc:2    | HP: 1/124 [orc warrior/glaive (18)]
 46084 | Orc:2    | Killed from afar by an orc high priest

Skill      XL: |  1  2  3  4  5  6  7  8  9 10 11 12 13 14 15 |
---------------+----------------------------------------------+-----
Axes           | 2 3 4 5 6 7 8 |  8.5
Dodging        | 1 2 3 4 5 6 7 8 9 |  9.2
Armour         | 2 3 5 6 7 8 9 10 11 | 11.5
Invocations    | 3 4 5 6 8 9 10 11 12 | 12.6
Fighting       | 4 5 6 7 8 9 |  9.0
Shields        | 2 3 4 5 6 |  6.4
Evocations     | 1 |  1.6
Maces & Flails | 3 5 7 9 |  9.6

Action                   |  1- 3 |  4- 6 |  7- 9 | 10-12 | 13-15 || total
-------------------------+-------+-------+-------+-------+-------++-------
Melee: Hand axe          |    91 |   181 |   642 |   509 |       ||  1423
       Kick              |    15 |    49 |   151 |   297 |   689 ||  1201
       Mace              |       |       |       |   641 |  1663 ||  2304
       War axe           |       |       |       |       |   236 ||   236
Throw: Javelin           |       |       |       |       |     2 ||     2
Invok: Depart the Abyss  |     1 |       |       |       |     3 ||     4
       Bend Space        |       |     1 |       |     5 |     2 ||     8
       Banish            |       |       |     4 |     6 |     7 ||    17
       Enter the Abyss   |       |       |       |       |     1 ||     1
Evoke: Wand              |       |     2 |    10 |     8 |     4 ||    24
       Box of beasts     |       |       |       |     1 |       ||     1
  Use: Scroll            |     5 |       |     8 |    14 |    22 ||    49
       Potion            |     3 |       |     6 |     8 |     2 ||    19
 Stab: Sleeping          |     1 |       |       |       |       ||     1
       Distracted        |       |       |       |       |     1 ||     1
       Confused          |       |       |       |       |     1 ||     1
  Eat: Ration            |       |     1 |     4 |    10 |    16 ||    31
       Chunk             |       |     3 |     9 |     9 |    26 ||    47
Armor: Leather armour    |    46 |     5 |       |       |       ||    51
       Scale mail        |       |   158 |   407 |       |       ||   565
       Skin              |       |       |   134 |     6 |       ||   140
       Crystal plate arm |       |       |   203 |  1105 |  1672 ||  2980
Dodge: Dodged            |    40 |    73 |   188 |    51 |   249 ||   601
Block: Buckler           |       |       |    30 |   591 |  1254 ||  1875
       Reflection        |       |       |       |    16 |    50 ||    66
